 Dungeon Crawl Stone Soup version 0.31-a0-358-gac0dbeb3ab (webtiles) character file.

Game seed: 3645838108693013719

8970 Shard1697 the Basher (level 11, -2/87 HPs)
             Began as a Human Fighter on July 26, 2023.
             Was an Elder of Nemelex Xobeh.
             Killed from afar by a gargoyle (21 damage)
             ... with a stone arrow
             ... on level 10 of the Dungeon.
             The game lasted 00:15:29 (10074 turns).

Shard1697 the Basher (Human Fighter)               Turns: 10074, Time: 00:15:30

Health: -2/87      AC: 19    Str: 21    XL:     11   Next: 65%
Magic:  16/16      EV:  5    Int: 10    God:    Nemelex Xobeh [****..]
Gold:   539        SH:  5    Dex: 17    Spells: 4/10 levels left

rFire   . . .        a - +7 sceptre of Torment {pain, torment}
rCold   + . .        c - +0 buckler
rNeg    + . .        u - +4 plate armour {rPois}
rPois   +            B - +0 helmet of the Dice {rC+ Str+2}
rElec   .            n - +0 cloak
rCorr   .            (no gloves)
SInv    .            l - +1 pair of boots
Will    +....        t - amulet "Pejarr" {RegenMP rPois rN+ Stlth+} Stlth
                     d - ring "Rejuvu" {Will+ Dex+4 Stlth+}
HPRegen 0.34/turn    (no ring)
MPRegen 0.55/turn

%: no passive effects
@: no status effects
A: no striking features
a: Renounce Religion, Draw Escape, Draw Destruction, Draw Summoning, Triple
Draw, Deal Four


You were on level 10 of the Dungeon.
You worshipped Nemelex Xobeh.
Nemelex Xobeh was greatly pleased with you.
You visited 1 branch of the dungeon, and saw 10 of its levels.
You also visited: Bailey.

You collected 599 gold pieces.
You spent 60 gold pieces at shops.

Inventory:

Hand Weapons
 a - the +7 sceptre of Torment (weapon) {pain, torment}
   (You found it on level 2 of the Dungeon)
Armour
 c - a +0 buckler (worn)
 i - a +0 pair of boots of flying
 l - a +1 pair of boots (worn)
 n - a +0 cloak (worn)
 p - the +1 robe of Vines {NoPotionHeal Regen++++}
   (You found it on level 7 of the Dungeon)

   NoPotionHeal: Its wearer cannot be healed by potions.
   Regen:     It increases your rate of health regeneration.
 u - a +4 plate armour of poison resistance (worn)
 B - the +0 helmet of the Dice (worn) {rC+ Str+2}
   (You found it on level 8 of the Dungeon)

   Str:       It affects your strength (+2).
   rC:        It protects you from cold.
Jewellery
 d - the ring "Rejuvu" (left hand) {Will+ Dex+4 Stlth+}
   (You found it on level 7 of the Dungeon)

   [ring of willpower]

   Dex:       It affects your dexterity (+4).
   Will:      It increases your willpower.
   Stlth:     It makes you more stealthy.
 t - the amulet "Pejarr" (around neck) {RegenMP rPois rN+ Stlth+}
   (You found it on level 4 of the Dungeon)

   [amulet of magic regeneration]

   It increases your rate of magic regeneration.
   rPois:     It protects you from poison.
   rN:        It protects you from negative energy.
   Stlth:     It makes you more stealthy.
 v - an amulet of reflection
 y - a ring of ice
Wands
 f - a wand of paralysis (13)
 o - a wand of flame (12)
 r - a wand of quicksilver (10)
Scrolls
 h - a scroll of silence
 j - 4 scrolls of revelation
 C - a scroll of summoning
 G - a scroll of poison
Potions
 b - 2 potions of curing
 e - a potion of lignification
 g - a potion of resistance
 k - 2 potions of invisibility
 m - a potion of berserk rage
 q - a potion of enlightenment
 s - 3 potions of magic
 w - 4 potions of haste
 x - 2 potions of heal wounds
 z - a potion of brilliance {unknown}
 D - a potion of mutation {unknown}
 F - a potion of ambrosia {unknown}
Miscellaneous
 E - a lightning rod (4/4)


   Skills:
 + Level 8.3 Fighting
 * Level 12.8 Maces & Flails
 - Level 3.0 Armour
 - Level 3.0 Shields
 + Level 6.2 Necromancy
 + Level 7.2 Invocations


You had 4 spell levels left.
You knew the following spells:

 Your Spells              Type           Power      Damage    Failure   Level
a - Death Channel         Necr           6%         N/A       100%        6

Your spell library contained the following spells:

 Spells                   Type           Power      Damage    Failure   Level
 Freeze                   Ice            0%         1d3       100%        1
 Sandblast                Erth           0%         2d4       100%        1
 Blink                    Tloc           0%         N/A       100%        2
 Cigotuvi's Dreadful Rot  Necr/Pois/Air  8%         N/A       100%        2
 Lesser Beckoning         Tloc           0%         N/A       100%        2
 Momentum Strike          Conj/Tloc      0%         3d8       100%        2
 Confusing Touch          Hex            0%         N/A       100%        3
 Dazzling Flash           Conj/Hex       0%         N/A       100%        3
 Frozen Ramparts          Ice            0%         1d1       100%        3
 Hailstorm                Conj/Ice       0%         3d3       100%        3
 Stone Arrow              Conj/Erth      0%         3d7       100%        3
 Volatile Blastmotes      Fire/Tloc      0%         2d10      100%        3
 Dispel Undead            Necr           12%        3d9       100%        4
 Metabolic Englaciation   Hex/Ice        0%         N/A       100%        5
 Yara's Violent Unravell  Hex/Tmut       0%         3d3       100%        5
 Starburst                Conj/Fire      0%         6d3       100%        6
 Maxwell's Capacitive Co  Air            0%         ∞         100%        8


Dungeon Overview and Level Annotations

Branches:
Dungeon (10/15)            Temple (0/1) D:6            Lair (0/5) D:9
 Bailey (visited)
    Orc: D:9-12

Altars:
Elyvilon
Fedhas
Kikubaaqudgha
Nemelex Xobeh
Okawaru
Ru
Trog
Vehumet
Wu Jian
Yredelemnul
Zin
The Shining One

Shops:
D:6 !


Message History

No target in view!
No target in view!
No target in view!
No target in view!
No target in view!
A gargoyle comes into view. It is wielding a +0 mace.
A gargoyle is nearby!
A gargoyle is nearby!
The gargoyle hurls a stone arrow at you.
The stone arrow hits you!
You hit the gargoyle but do no damage. The gargoyle hits you with a +0 mace.
You impale the gargoyle!!
The gargoyle is severely damaged.
The gargoyle hits you with a +0 mace!
You are too injured to fight recklessly!
You are too injured to fight recklessly!
You are too injured to fight recklessly!
You are too injured to fight recklessly!
You are too injured to fight recklessly!
You hit the gargoyle.
The gargoyle is severely damaged.
The gargoyle hurls a stone arrow at you.
The stone arrow hits you!!
You hit the gargoyle but do no damage.
The gargoyle is severely damaged.
The gargoyle hurls a stone arrow at you.
The stone arrow hits you!
You hit the gargoyle.
The gargoyle is severely damaged.
The gargoyle hits you with a +0 mace!
* * * LOW HITPOINT WARNING * * *
You hit the gargoyle but do no damage.
The gargoyle is severely damaged.
You block the gargoyle's attack.
You hit the gargoyle but do no damage.
The gargoyle is severely damaged.
The gargoyle hurls a stone arrow at you.
The stone arrow hits you!!
You die...
Your body disappears without a glow.

.. ........#.....#
.............##
..............### ###
................# #..#
.......>........# ###....
........<...[.... .......
.............##. .......
......9....### # .......
......#@.)## ##.#
..........###..##.))#....#
..........###..#..).......
......##.##............#..
......##..#...#........#
####...#....###.......## #
#.#....##..##.....# #
####.#....##...........
###.##.#).##.#............


You could see a gargoyle.

Vanquished Creatures
  Fannar (D:10)
  A deep elf pyromancer (D:7)
  A komodo dragon (D:9)
  Grinder (D:5)
  A slime creature (D:7)
  2 vampires
  5 yaks
  A wraith (D:7)
  Grum (D:8)
  Eustachio (D:5)
  A basilisk (D:7)
  2 wyverns (D:7)
  A steam dragon (D:8)
  A water moccasin (D:7)
  A black bear (D:7)
  An ice beast (D:5)
  7 orc warriors
  3 sky beasts
  4 wolves
  6 centaurs
  2 kobold brigands
  7 bullfrogs
  A gnoll sergeant (D:4)
  A scorpion (D:4)
  4 wights (D:6)
  14 killer bees
  A howler monkey (D:6)
  3 orc priests
  A hound (D:4)
  2 jellies
  Crazy Yiuf (D:2)
  3 gnoll boudas
  2 sleepcaps (D:5)
  An iguana (D:7)
  5 orc wizards
  Robin (D:2)
  4 adders
  20 gnolls
  3 shadow imps (D:7)
  A white imp (D:8)
  5 worms
  3 dart slugs
  35 orcs
  6 ball pythons
  2 bat zombies (D:5)
  2 endoplasms (D:1)
  4 giant cockroaches
  7 hobgoblins
  3 jackals (D:5)
  20 kobolds
  5 quokkas
  5 bats
  4 frilled lizards
  19 goblins
  4 rats
  A rat zombie (D:5)
244 creatures vanquished.

Vanquished Creatures (collateral kills)
  A skeletal warrior (D:7)
  A water nymph (D:7)
  A jelly (D:7)
3 creatures vanquished.

Grand Total: 247 creatures vanquished

Notes
Turn   | Place    | Note
-------+----------+-------------------------------------------
     0 | D:1      | Shard1697 the Human Fighter began the quest for the Orb.
     0 | D:1      | Reached XP level 1. HP: 18/18 MP: 1/1
    51 | D:1      | Reached XP level 2. HP: 24/24 MP: 2/2
    90 | D:1      | Got the Quarto of Destined Lithomancy
    91 | D:1      | You fall into a shaft and drop 1 floor!
   215 | D:1      | Reached skill level 3 in Maces & Flails
   402 | D:1      | Reached XP level 3. HP: 25/29 MP: 3/3
   762 | D:2      | Found a faded altar of an unknown god.
   767 | D:2      | Prayed at the altar of an unknown god.
   767 | D:2      | Became a worshipper of Nemelex Xobeh the Trickster
   767 | D:2      | Reached * piety under Nemelex Xobeh
   798 | D:2      | Reached skill level 4 in Maces & Flails
   798 | D:2      | Reached XP level 4. HP: 29/35 MP: 4/4
   803 | D:2      | HP: 1/35 [gnoll/+0 flail (7)]
  1077 | D:2      | Noticed Robin
  1107 | D:2      | Killed Robin
  1449 | D:2      | Received a gift from Nemelex Xobeh
  1469 | D:2      | Found a runed translucent door.
  1469 | D:2      | Found the +7 sceptre of Torment {pain, torment}
  1470 | D:2      | Noticed Crazy Yiuf
  1476 | D:2      | Killed Crazy Yiuf
  1477 | D:2      | Reached XP level 5. HP: 19/41 MP: 5/5
  1847 | D:3      | Reached skill level 5 in Maces & Flails
  2326 | D:3      | Reached skill level 1 in Necromancy
  2329 | D:3      | Reached XP level 6. HP: 35/47 MP: 6/6
  2602 | D:4      | Reached skill level 6 in Maces & Flails
  2725 | D:4      | Reached ** piety under Nemelex Xobeh
  2837 | D:4      | Reached XP level 7. HP: 44/52 MP: 7/7
  2911 | D:4      | Identified the amulet "Pejarr" {RegenMP rPois rN+ Stlth+}
  2942 | D:4      | Found a glowing silver altar of Zin.
  3171 | D:4      | Identified the +1 whip of Kuezug {flame, Stlth+}
  3426 | D:4      | Received a gift from Nemelex Xobeh
  3530 | D:5      | Entered Level 5 of the Dungeon
  3682 | D:5      | Noticed Eustachio
  3697 | D:5      | Killed Eustachio
  3698 | D:5      | Reached skill level 7 in Maces & Flails
  3770 | D:5      | Reached XP level 8. HP: 57/58 MP: 8/8
  4181 | D:5      | Noticed Grinder
  4183 | D:5      | Paralysed by Grinder for 5 turns
  4195 | D:5      | Killed Grinder
  4530 | D:5      | Identified the +0 ring mail of the Rotten God {rElec Will+}
  4561 | D:5      | Found an ancient bone altar of Kikubaaqudgha.
  4661 | D:6      | Received a gift from Nemelex Xobeh
  4670 | D:6      | Reached skill level 8 in Maces & Flails
  4682 | D:6      | Found Busafako's Distillery.
  4685 | D:6      | Bought a potion of heal wounds for 50 gold pieces
  4685 | D:6      | Bought a potion of degeneration for 10 gold pieces
  4901 | D:6      | Identified a scroll of acquirement
  4901 | D:6      | Acquired a book of Decay
  4913 | D:6      | Learned a level 6 spell: Death Channel
  5072 | D:6      | Found a staircase to the Ecumenical Temple.
  5082 | D:6      | Reached *** piety under Nemelex Xobeh
  5777 | D:7      | Reached XP level 9. HP: 58/66 MP: 9/9
  5807 | D:7      | Reached skill level 5 in Fighting
  5807 | D:7      | Reached skill level 9 in Maces & Flails
  5807 | D:7      | Reached skill level 5 in Necromancy
  5816 | D:7      | Reached skill level 1 in Invocations
  5901 | D:7      | Found an ornate altar of the Wu Jian Council.
  6016 | D:7      | Received a gift from Nemelex Xobeh
  6095 | D:7      | Found a flagged portal.
  6100 | Bailey   | Entered a bailey
  6238 | Bailey   | Received a gift from Nemelex Xobeh
  6477 | Bailey   | Reached skill level 10 in Maces & Flails
  6639 | D:7      | Found an iron altar of Okawaru.
  6681 | D:7      | Found a sparkling altar of Nemelex Xobeh.
  6681 | D:7      | Reached **** piety under Nemelex Xobeh
  6894 | D:7      | Found a bloodstained altar of Trog.
  6905 | D:7      | Found a sacrificial altar of Ru.
  6917 | D:7      | Found a glowing golden altar of the Shining One.
  7218 | D:7      | Reached XP level 10. HP: 76/76 MP: 12/12
  7501 | D:7      | Reached skill level 11 in Maces & Flails
  7509 | D:7      | Found the +1 robe of Vines {NoPotionHeal Regen++++}
  7510 | D:7      | Noticed a deep elf pyromancer
  7519 | D:7      | Reached skill level 5 in Invocations
  7526 | D:7      | Noticed a skeletal warrior
  7558 | D:7      | a slime creature changed into a water nymph
  7558 | D:7      | Noticed a water nymph
  7570 | D:7      | Killed a water nymph
  7582 | D:7      | Killed a skeletal warrior
  7723 | D:7      | Killed a deep elf pyromancer
  7725 | D:7      | Identified the ring "Rejuvu" {Will+ Dex+4 Stlth+}
  7729 | D:7      | Identified the +2 mace of Keadgh {heavy, rElec rC+ Str-3
                  | Dex+2}
  8027 | D:8      | Reached XP level 11. HP: 84/84 MP: 15/15
  8160 | D:8      | Noticed Grum
  8162 | D:8      | Reached skill level 12 in Maces & Flails
  8298 | D:8      | Killed Grum
  8616 | D:8      | Found a blossoming altar of Fedhas.
  8701 | D:8      | Found a radiant altar of Vehumet.
  8731 | D:8      | Identified the +0 helmet of the Dice {rC+ Str+2}
  8860 | D:9      | Received a gift from Nemelex Xobeh
  9066 | D:9      | Received a gift from Nemelex Xobeh
  9339 | D:9      | Found a white marble altar of Elyvilon.
  9431 | D:9      | Found a basalt altar of Yredelemnul.
  9474 | D:9      | Found a staircase to the Lair.
  9651 | D:10     | Entered Level 10 of the Dungeon
  9730 | D:10     | Noticed Fannar
  9740 | D:10     | Killed Fannar
 10074 | D:10     | Killed from afar by a gargoyle

Illustrated notes

Levels and vault maps discovered:
D:1:      dreamdust_arrival_sigmund_warning, layout_basic,
          hangedman_decor_growths
D:2:      layout_loops_ring, shapermc_ecumenical_altar_petra,
          uniq_crazy_yiuf_cottage, uniq_robin
D:3:      layout_basic, minmay_box_of_dots
D:4:      layout_basic, kennysheep_mini
D:5:      layout_basic, lemuel_zombie_altar_kikubaaqudgha, uniq_eustachio,
          uniq_grinder
D:6:      layout_basic, minmay_temple_entry_statues, serial_shops, shop
D:7:      minmay_the_grid_octo_tiled_squarecenter [minmay_the_grid_octo_77,
          minmay_the_grid_octo_empty, minmay_the_grid_octo_concentric,
          minmay_the_grid_octo_toaster,
          minmay_the_grid_square_5x5_megaprize_crossed,
          minmay_the_grid_square_5x5_two_walls_b,
          minmay_the_grid_square_5x5_bridge, minmay_the_grid_square_5x5_mess,
          minmay_the_grid_square_5x5_fat_x], layout_basic,
          nicolae_wu_jian_wuxing_cycle, okawaru_gym_becter,
          nicolae_overflow_quartered_altars, enter_bailey_3
D:8:      layout_loops_cross, mainiacjoe_overflow_tiny_flanked, fedhas_altar_3,
          uniq_grum
D:9:      layout_irregular_city, kennysheep_ying_yang, david_lair_shrubbed,
          serial_column_ruins, column_ruins_hut, column_ruins_circle_small,
          column_ruins_columns_T, column_ruins_open_large, column_ruins_grid_1,
          column_ruins_columns_corner, column_ruins_open_small
D:10:     layout_cave_pools, nicolae_overflow_hidden_temple,
          minmay_diamond_spiral, uniq_fannar

Skill      XL: |  1  2  3  4  5  6  7  8  9 10 11 |
---------------+----------------------------------+-----
Maces & Flails | 3 4 5 6 7 8 10 11 12 | 12.8
Necromancy     | 1 2 3 4 5 6 |  6.2
Fighting       | 4 6 7 8 |  8.3
Invocations    | 3 6 7 |  7.2
Armour         | |  3.0
Shields        | |  3.0

Action                     |  1- 3 |  4- 6 |  7- 9 | 10-12 || total
---------------------------+-------+-------+-------+-------++-------
  Melee: Flail             |    81 |    65 |       |       ||   146
         Eveningstar       |       |    78 |   222 |   194 ||   494
 Invoke: Draw Destruction  |       |       |       |     5 ||     5
         Draw Summoning    |       |       |       |     1 ||     1
    Use: Potion            |       |     2 |       |     3 ||     5
         Scroll            |       |     4 |     8 |     5 ||    17
   Stab: Sleeping          |       |       |     2 |       ||     2
 Armour: Scale mail        |    39 |    43 |       |       ||    82
         Leather armour    |       |    11 |    97 |    15 ||   123
         Plate armour      |       |       |       |   100 ||   100
  Dodge: Dodged            |    54 |    60 |   113 |    50 ||   277
  Block: Buckler           |    23 |    29 |    55 |    40 ||   147

Table legend: (Time is in decaauts)
 A = Elapsed time spent in this place.
 B = Non-inter-level travel time spent in this place.
 C = Inter-level travel time spent in this place.
 D = Time resting spent in this place.
 E = Time spent auto-exploring this place.
 F = Levels seen in this place.
 G = Mean time per level.
                   A        B        C        D        E       F      G
               +--------+--------+--------+--------+--------+-----+--------+
         Total |  10120 |   9855 |    265 |    940 |   6996 |  11 |  920.0 |
       Dungeon |   9607 |   9342 |    265 |    855 |   6708 |  10 |  960.7 |
        Bailey |    512 |    512 |      0 |     85 |    288 |   1 |  512.0 |
               +--------+--------+--------+--------+--------+-----+--------+

Top non-repeatable levels by time:
     D:7: 1826 daAuts
     D:6: 1150 daAuts
     D:5: 1099 daAuts
     D:2: 1026 daAuts
     D:9: 1003 daAuts
     D:4: 988 daAuts
     D:1: 837 daAuts
     D:8: 738 daAuts
     D:3: 731 daAuts
  Bailey: 512 daAuts
    D:10: 205 daAuts
